 Dungeon Crawl Stone Soup version 0.31-a0-1165-g196b491b36 (webtiles) character file.

Game seed: 10448317019048061188

2160 AstroCodex24 the Chopper (level 9, -10/67 HPs)
             Began as a Vampire Fighter on Dec 9, 2023.
             Was a Believer of Nemelex Xobeh.
             Killed from afar by an electric eel (13 damage)
             ... with a bolt of electricity
             ... on level 8 of the Dungeon.
             The game lasted 00:41:22 (7561 turns).

AstroCodex24 the Chopper (Vampire Fighter)          Turns: 7561, Time: 00:41:27

Health: -10/67     AC:  8    Str: 29    XL:     9   Next: 10%
Magic:  9/9        EV: 12    Int: 10    God:    Nemelex Xobeh [**....]
Gold:   425        SH:  6    Dex: 20    Spells: 8/8 levels left

rFire   . . .        e - +7 dagger of the Manifold Beasts {chaos, Contam rPois Str+4}
rCold   . . .        c - +0 buckler
rNeg    . . .        b - +0 scale mail
rPois   +            (no helmet)
rElec   .            (no cloak)
rCorr   .            (no gloves)
SInv    +            x - +0 pair of boots
Will    .....        (no amulet)
Stlth   +            h - +6 ring of strength
HPRegen 0.51/turn    t - +6 ring of dexterity
MPRegen 0.11/turn

%: no passive effects
@: healing quickly
A: alive, fangs 3, see invisible, vampiric 2
a: Exsanguinate, Renounce Religion, Draw Escape, Draw Destruction, Draw
Summoning


You were on level 8 of the Dungeon.
You worshipped Nemelex Xobeh.
Nemelex Xobeh was pleased with you.
You visited 2 branches of the dungeon, and saw 9 of its levels.

You collected 425 gold pieces.

Inventory:

Hand Weapons
 a - a +1 war axe
 e - the +7 dagger of the Manifold Beasts (weapon) {chaos, Contam rPois Str+4}
   (You took it off a kobold brigand on level 5 of the Dungeon)

   Str+4:     It affects your strength (+4).
   rPois:     It protects you from poison Contam: It causes magical
   contamination when unequipped.
 k - a +2 short sword of speed
 A - a +2 vampiric dagger
Armour
 b - a +0 scale mail (worn)
 c - a +0 buckler (worn)
 x - a +0 pair of boots (worn)
Jewellery
 h - a +6 ring of strength (left hand)
 m - the ring "Huwkaod" {rF+ Str+4 Dex-3}
   (You acquired it on level 6 of the Dungeon)

   [ring of protection from fire]

   Str+4:     It affects your strength (+4).
   Dex-3:     It affects your dexterity (-3).
   rF+:       It protects you from fire.
 t - a +6 ring of dexterity (right hand)
 v - a ring of flight
Talismans
 f - a serpent talisman
 w - a beast talisman
Wands
 p - a wand of acid (9)
 u - a wand of roots (9)
Scrolls
 g - 2 scrolls of noise
 i - a scroll of torment
 j - 2 scrolls of immolation
 l - a scroll of revelation
 n - a scroll of identify
 q - a scroll of poison
 z - a scroll of amnesia
 C - a scroll of silence
Potions
 d - a potion of might
 o - a potion of attraction {unknown}
 r - a potion of lignification {unknown}
 s - a potion of degeneration


   Skills:
 + Level 4.8 Fighting
 + Level 3.5 Short Blades
 + Level 6.4 Axes
 + Level 5.7 Armour
 + Level 3.0 Dodging
 + Level 3.2 Stealth
 + Level 4.2 Shields


You had 8 spell levels left.
You didn't know any spells.
Your spell library contained the following spells:

 Spells                   Type           Power      Damage    Failure   Level
 Magic Dart               Conj           0%         1d3       65%         1
 Sandblast                Erth           0%         2d4       65%         1
 Slow                     Hex            0%         N/A       65%         1
 Passwall                 Tmut/Erth      0%         N/A       80%         2
 Searing Ray              Conj           0%         2d4       80%         2
 Confusing Touch          Hex            0%         N/A       95%         3
 Dazzling Flash           Conj/Hex       0%         N/A       95%         3
 Sigil of Binding         Hex            0%         N/A       95%         3
 Stone Arrow              Conj/Erth      0%         3d7       95%         3
 Vampiric Draining        Necr           0%         2d6       95%         3
 Volatile Blastmotes      Fire/Tloc      0%         2d10      95%         3
 Brom's Barrelling Bould  Conj/Erth      0%         2d3       100%        4
 Fulminant Prism          Conj/Hex       0%         3d5       100%        4
 Iskenderun's Battlesphe  Conj           0%         2d6       100%        5
 Bombard                  Conj/Erth      0%         9d1       100%        6
 Starburst                Conj/Fire      0%         6d3       100%        6
 Spellforged Servitor     Conj/Summ      0%         N/A       100%        7
 Maxwell's Capacitive Co  Air            0%         ∞         100%        8


Dungeon Overview and Level Annotations

Branches:
Dungeon (8/15)             Temple (1/1) D:4
   Lair: D:8-11

Altars:
Ashenzari
Cheibriados
Dithmenos
Gozag
Hepliaklqana
Kikubaaqudgha
Makhleb
Nemelex Xobeh
Okawaru
Qazlal
Ru
Sif Muna
Uskayaw
Vehumet
Xom
Yredelemnul


Innate Abilities, Weirdness & Mutations

Your natural rate of healing is accelerated.
You have razor-sharp teeth.
You have supernaturally acute eyesight. (SInv)
You are afflicted with vampirism and can become a bat while bloodless.


Message History

You puncture the electric eel!
The electric eel appears confused.
The electric eel is heavily wounded.
You hit the electric eel but do no damage.
You bite the electric eel!
The electric eel is moderately wounded.
The electric eel seems less confused.
Your unstable footing causes you to fumble your attack.
The electric eel seems less confused.
The electric eel shoots out a bolt of lightning at you!
The bolt of electricity hits you.
The bolt of electricity hits the plant!
The plant begins to die.
The bolt of electricity hits the plant!
The plant begins to die.
The electric eel shoots out a bolt of lightning at you!
The bolt of electricity hits you!
* * * LOW HITPOINT WARNING * * *
The bolt of electricity hits the plant!
The plant begins to die.
The electric eel shoots out a bolt of lightning at you!
The bolt of electricity hits you.
* * * LOW HITPOINT WARNING * * *
The bolt of electricity hits the plant! x2
Blink to where?
Press: ? - help, Dir - move target 2 gnolls come into view.
As you read the scroll of blinking, it crumbles to dust.
The gnoll shouts!
You hear a shout!
The electric eel shoots out a bolt of lightning at you!
The bolt of electricity hits the plant!
The bolt of electricity hits you.
* * * LOW HITPOINT WARNING * * *
A gnoll bouda comes into view. It is wielding a +0 club.
The gnoll shouts!
The electric eel shoots out a bolt of lightning at you!
The bolt of electricity hits you!
* * * LOW HITPOINT WARNING * * *
You draw a card...
You have drawn the Elements.
The electric eel shoots out a bolt of lightning at you!
The bolt of electricity hits your raiju.
Your raiju completely resists.
The bolt of electricity hits you!
You die...
Your body disappears without a glow.

♣~~~~~P~P~~♣#......#
♣~~~~§~~♣~♣...######
♣~~~~~~~~~~..## g
♣♣~~~~♣S~♣♣###
.g#♣♣♣P~P~~~♣
#.g...♣~~~~~♣
#g.~b♣~♣## ##...h♣#
##Y.@# #####


You could see a gnoll bouda, an electric eel (ally target), 2 gnolls, a friendly
raiju (summoned), a friendly ice beast (summoned) and a friendly fire bat
(summoned).

Vanquished Creatures
  The ghost of wingedge the Sneak, a novice DgEn (D:6)
  A sky beast (D:8)
  2 black bears
  2 ice beasts
  2 centaurs (D:7)
  An ogre (D:6)
  A kobold brigand (D:6)
  2 bullfrogs
  2 scorpions
  A howler monkey (D:5)
  2 hounds
  A jelly (D:8)
  An orc priest (D:6)
  2 sleepcaps
  2 iguanas (D:6)
  2 orc wizards (D:7)
  16 adders
  A white imp (D:7)
  2 ufetubi (D:7)
  A dart slug (D:1)
  3 worms
  15 orcs
  6 ball pythons
  11 endoplasms
  2 giant cockroaches (D:3)
  5 goblins (D:1)
  7 hobgoblins
  2 jackals (D:4)
  2 quokkas
  7 bats
  3 frilled lizards
  11 kobolds
  7 rats
126 creatures vanquished.

Vanquished Creatures (collateral kills)
  2 kobold brigands (D:5)
  3 kobolds (D:5)
5 creatures vanquished.

Grand Total: 131 creatures vanquished

Notes
Turn   | Place    | Note
-------+----------+-------------------------------------------
     0 | D:1      | AstroCodex24 the Vampire Fighter began the quest for the
                  | Orb.
     0 | D:1      | Reached XP level 1. HP: 17/17 MP: 1/1
    71 | D:1      | Reached XP level 2. HP: 11/23 MP: 2/2
   165 | D:1      | Reached skill level 2 in Axes
   204 | D:2      | Gained mutation: You are afflicted with vampirism and can
                  | become a bat while bloodless. [Vampire growth]
   204 | D:2      | Reached XP level 3. HP: 20/29 MP: 3/3
   494 | D:4      | Reached XP level 4. HP: 25/35 MP: 4/4
   570 | D:5      | Entered Level 5 of the Dungeon
   731 | D:5      | Found a radiant altar of Vehumet.
   860 | D:6      | Reached skill level 3 in Axes
   981 | D:6      | Reached XP level 5. HP: 41/41 MP: 5/5
  1006 | D:6      | Found a snail-covered altar of Cheibriados.
  1049 | D:6      | Noticed a black bear
  1058 | D:6      | Killed a black bear
  1059 | D:6      | Reached skill level 1 in Dodging
  1159 | D:6      | Reached skill level 4 in Axes
  1159 | D:6      | Reached XP level 6. HP: 44/47 MP: 6/6
  1225 | D:6      | Found a runed translucent door.
  1227 | D:6      | Noticed wingedge's ghost (novice DgEn)
  1605 | D:4      | Found an ancient bone altar of Kikubaaqudgha.
  1608 | D:4      | Found a shimmering altar of Xom.
  1792 | D:4      | Found a staircase to the Ecumenical Temple.
  1798 | Temple   | Entered the Ecumenical Temple
  1813 | Temple   | Became a worshipper of Nemelex Xobeh the Trickster
  3646 | D:3      | Reached * piety under Nemelex Xobeh
  3995 | D:3      | Received a gift from Nemelex Xobeh
  4846 | D:4      | Noticed an angel
  5154 | D:5      | Reached XP level 7. HP: 36/39 MP: 7/7
  5215 | D:5      | Found a large runed translucent door.
  5215 | D:5      | Found a large runed translucent door.
  5642 | D:5      | Found a shimmering altar of Xom.
  5643 | D:5      | Identified the +7 dagger of the Manifold Beasts {chaos,
                  | Contam rPois Str+4}
  5853 | D:5      | Reached skill level 5 in Axes
  5970 | D:6      | Reached skill level 1 in Stealth
  6055 | D:6      | Killed wingedge's ghost
  6056 | D:6      | Reached skill level 1 in Short Blades
  6056 | D:6      | Reached skill level 6 in Axes
  6056 | D:6      | Reached skill level 5 in Armour
  6056 | D:6      | Reached XP level 8. HP: 49/61 MP: 8/8
  6627 | D:6      | Identified a scroll of acquirement
  6627 | D:6      | Acquired the ring "Huwkaod" {rF+ Str+4 Dex-3}
  6706 | D:7      | Found a burning altar of Makhleb.
  6766 | D:7      | Reached ** piety under Nemelex Xobeh
  6812 | D:7      | Received a gift from Nemelex Xobeh
  6832 | D:7      | Found a shimmering blue altar of Sif Muna.
  7199 | D:7      | Reached XP level 9. HP: 41/67 MP: 9/9
  7560 | D:8      | HP: 2/67 [electric eel/bolt of electricity (9)]
  7561 | D:8      | Killed from afar by an electric eel

Illustrated notes

Levels and vault maps discovered:
D:1:      eino_arrival_druids_welcome, layout_loops_ring
D:2:      layout_loops_ring, minmay_misc_feat_secret_circle
D:3:      layout_loops_corners
D:4:      layout_loops_corners, jmf_multi_god_temple, zin_angel,
          minmay_temple_entry_hall
D:5:      due_chaos_kobolds, layout_loops_ring, mainiacjoe_overflow_paths,
          serial_rivers, chequers_serial_rivers_small_b,
          chequers_serial_rivers_micro_d, chequers_serial_rivers_small_3,
          chequers_serial_rivers_large_b, chequers_serial_rivers_small_b,
          chequers_serial_rivers_micro_c
D:6:      layout_loops_ring, mainiacjoe_overflow_alcove_2,
          gammafunk_ghost_grave, st_stairs_5, kennysheep_generic_room_10
D:7:      layout_rooms, nicolae_sif_muna_condensation, bloody_makhleb,
          hangedman_decor_points, minmay_statues_item
D:8:      kennysheep_spiral_hall, layout_basic, mainiacjoe_overflow_alcove_4,
          nicolae_concentric_dashed_squares_mild, serial_bayou_lake_a
Temple:   nicolae_temple_ecumenical_triangle

Skill      XL: |  1  2  3  4  5  6  7  8  9 |
---------------+----------------------------+-----
Fighting       | 3 4 |  4.8
Axes           | 2 3 4 6 |  6.4
Shields        | 3 4 |  4.2
Armour         | 3 5 |  5.7
Dodging        | 1 2 3 |  3.0
Stealth        | 2 3 |  3.2
Short Blades   | 1 3 |  3.5

Action                     |  1- 3 |  4- 6 |  7- 9 || total
---------------------------+-------+-------+-------++-------
  Melee: War axe           |    69 |   218 |    13 ||   300
         Bite              |     2 |    22 |    19 ||    43
         Dagger            |       |       |   124 ||   124
 Invoke: Draw Destruction  |       |     1 |     4 ||     5
         Draw Summoning    |       |       |     3 ||     3
Ability: Exsanguinate      |       |     1 |       ||     1
         Revivify          |       |     1 |       ||     1
    Use: Potion            |       |     4 |     4 ||     8
         Scroll            |       |       |    15 ||    15
   Stab: Paralysed         |       |       |     1 ||     1
         Confused          |       |       |     1 ||     1
 Armour: Scale mail        |    85 |   163 |   127 ||   375
  Dodge: Dodged            |    54 |   107 |    66 ||   227
  Block: Buckler           |    28 |    48 |    45 ||   121
         Form:             |       |     1 |       ||     1
         Beast             |       |     1 |       ||     1

Table legend: (Time is in decaauts)
 A = Elapsed time spent in this place.
 B = Non-inter-level travel time spent in this place.
 C = Inter-level travel time spent in this place.
 D = Time resting spent in this place.
 E = Time spent auto-exploring this place.
 F = Levels seen in this place.
 G = Mean time per level.
                   A        B        C        D        E       F      G
               +--------+--------+--------+--------+--------+-----+--------+
         Total |   7725 |   7042 |    683 |      0 |      0 |   9 |  858.3 |
       Dungeon |   7701 |   7018 |    683 |      0 |      0 |   8 |  962.6 |
        Temple |     24 |     24 |      0 |      0 |      0 |   1 |   24.0 |
               +--------+--------+--------+--------+--------+-----+--------+

Top non-repeatable levels by time:
     D:6: 1437 daAuts
     D:3: 1265 daAuts
     D:4: 1187 daAuts
     D:5: 1155 daAuts
     D:1: 974 daAuts
     D:7: 771 daAuts
     D:2: 770 daAuts
     D:8: 137 daAuts
  Temple: 24 daAuts
